Map: Abyssal Reef LE

Players

LiquidMaNa (MaNa) - Winner!

  • Race: Protoss Protoss
  • League: Master
  • Spawn Location: 11:00

Bly

  • Race: Zerg Zerg
  • League: Master
  • Spawn Location: 5:00

Event: HomeStory Cup XV

VOD

Have the link to the VOD?

Description

Time

  • Played on: July 22, 2017, 8:35 a.m.
  • Length: 15:07

All games in this series

Show
View Real Time Build Order
Export as new Build Order

LiquidMaNa Protoss - Winner!

Build Orders: 1 Gate Expand 

Get SALT Encoding   

  12  0:01  Probe (Chrono Boost)  
  13  0:11  Probe (Chrono Boost)  
  14  0:17  Pylon  
  14  0:22  Probe (Chrono Boost)  
  15  0:35  Probe (Chrono Boost)  
  16  0:40  Gateway  
  16  0:46  Probe (Chrono Boost)  
  17  0:50  Assimilator  
  17  0:56  Probe (Chrono Boost)  
  18  1:07  Probe (Chrono Boost)  
  19  1:17  Probe (Chrono Boost)  
  20  1:29  Nexus  
  20  1:35  Cybernetics Core  
  20  1:38  Probe (Chrono Boost)  
  21  1:44  Assimilator  
  21  1:48  Probe (Chrono Boost)  
  21  1:53  Pylon  
  22  1:59  Probe (Chrono Boost)  
  23  2:11  Probe (Chrono Boost), Stalker  
  23  2:12  Warp Gate  
  26  2:22  Probe (Chrono Boost)  
  27  2:26  Twilight Council  
  27  2:32  Probe (Chrono Boost)  
  28  2:42  Probe (Chrono Boost)  
  28  2:43  Probe (Chrono Boost)  
  30  2:47  Adept  
  32  2:53  Probe x2 (Chrono Boost)  
  34  2:58  Robotics Facility  
  34  3:03  Probe (Chrono Boost)  
  34  3:05  Resonating Glaives (Chrono Boost)  
  35  3:07  Probe (Chrono Boost)  
  35  3:12  Probe (Chrono Boost)  
  35  3:18  Probe  
  37  3:23  Probe  
  38  3:28  Gateway  
  38  3:32  Gateway  
  38  3:33  Probe x2  
  40  3:42  Pylon  
  40  3:44  Probe  
  40  3:45  Probe  
  42  3:49  Warp Prism (Chrono Boost)  
  44  3:57  Probe x2  
  46  4:03  Gateway  
  46  4:04  Gateway  
  46  4:09  Gateway  
  46  4:20  Adept  
  48  4:25  Adept  
  48  4:26  Adept  
  48  4:30  Pylon  
  53  4:31  Probe x2  
  53  4:35  Pylon  
  54  4:46  Nexus  
  54  4:50  Adept  
  54  4:51  Adept x2  
  61  4:52  Observer (Chrono Boost)  
  61  4:59  Probe x2 (Chrono Boost)  
  61  5:20  Adept x6  
  67  5:21  Probe (Chrono Boost)  
  67  5:22  Probe (Chrono Boost)  
  65  5:32  Probe x2 (Chrono Boost)  
  65  5:33  Immortal (Chrono Boost)  
  65  5:35  Pylon  
  69  5:41  Pylon  
  67  5:51  Adept  
  67  5:55  Adept x3  
  67  5:56  Adept x2  
  77  6:01  Probe  
  77  6:03  Probe  
  78  6:06  Assimilator  
  78  6:07  Assimilator  
  76  6:12  Probe  
  76  6:13  Immortal (Chrono Boost)  
  79  6:18  Adept x2  
  79  6:24  Adept  
  79  6:25  Adept x2  
  84  6:30  Probe  
  84  6:31  Probe  
  82  6:34  Probe  
  83  6:40  Probe  
  83  6:44  Sentry  
  83  6:45  Probe, Sentry x2  
  83  6:46  Probe  
  92  6:52  Gateway  
  92  6:53  Gateway  
  92  6:56  Gateway  
  92  6:57  Immortal (Chrono Boost)  
  92  6:58  Probe  
  92  6:59  Probe  
  98  7:02  Pylon  
  98  7:07  Charge  
  98  7:09  Pylon  
  98  7:10  Probe  
  98  7:11  Pylon  
  98  7:12  Probe  
  100  7:18  Mothership Core  
  100  7:21  Pylon  
  100  7:22  Probe  
  102  7:24  Probe  
  102  7:28  Adept x3  
  110  7:30  Adept  
  110  7:36  Stalker x2  
  116  7:38  Probe  
  116  7:39  Probe  
  116  7:42  Pylon  
  118  7:46  Assimilator  
  117  7:52  Assimilator  
  117  7:59  Probe, Immortal (Chrono Boost)  
  117  8:00  Probe  
  123  8:07  Probe  
  123  8:10  Pylon  
  123  8:11  Pylon  
  124  8:22  Nexus  
  124  8:24  Forge  
  124  8:25  Pylon  
  124  8:26  Pylon  
  124  8:33  Observer (Chrono Boost)  
  125  8:38  Probe x2  
  125  8:40  Probe  
  127  8:44  Templar Archives  
  127  8:45  Adept  
  127  8:48  Zealot x6  
  133  8:52  Immortal (Chrono Boost)  
  145  8:58  Photon Cannon x2  
  141  9:03  Photon Cannon  
  141  9:04  Photon Cannon  
  141  9:08  Photon Cannon  
  139  9:16  Stalker x2  
  143  9:19  Stalker  
  143  9:28  Stalker x3  
  145  9:34  High Templar x2  
  149  9:39  Archon  
  149  9:42  Protoss Ground Weapons Level 1 (Chrono Boost)  
  149  9:48  Photon Cannon  
  147  9:55  High Templar x4  
  147  9:58  Zealot x3  
  147  9:59  Warp Prism (Chrono Boost), Archon x2  
  157  10:02  Psionic Storm  
  157  10:03  Probe x2  
  157  10:05  Probe  
  160  10:10  Photon Cannon  
  160  10:18  High Templar x2  
  164  10:26  Stalker x2  
  164  10:27  Stalker  
  167  10:31  Stalker  
  169  10:36  Stalker  
  169  10:37  Stalker  
  169  10:58  Stalker x6  
  169  11:01  Stalker  
  179  11:08  Probe x2  
  179  11:11  Blink (Chrono Boost)  
  181  11:18  Protoss Ground Weapons Level 2 (Chrono Boost)  
  179  11:24  High Templar  
  179  11:25  Probe x2  
  171  11:27  Assimilator x2  
  171  11:29  Photon Cannon  
  171  11:40  Probe x2  
  171  11:45  High Templar  
  172  11:56  Probe x2  
  172  11:57  High Templar  
  172  11:59  Photon Cannon, High Templar  
  178  12:09  Zealot  
  178  12:10  Zealot x3, Nexus  
  180  12:23  High Templar x2  
  180  12:26  Photon Cannon  
  180  12:28  Photon Cannon  
  180  12:29  Archon  
  184  12:30  High Templar x2  
  184  12:35  Archon  
  185  12:43  Pylon  
  185  12:46  Pylon  
  185  12:48  Stargate  
  185  12:55  Probe x3  
  186  13:01  Pylon  
  186  13:03  Pylon  
  184  13:09  High Templar x3  
  184  13:10  High Templar  
  187  13:27  Zealot x5  
  171  14:09  Stalker x9  
  148  14:27  Oracle  
  151  14:33  High Templar x6  
  151  14:34  Zealot x3  
  147  14:56  Assimilator  
Show
View Real Time Build Order
Export as new Build Order

Bly Zerg 

Build Orders: Hatch First 

Get SALT Encoding   

  12  0:01  Drone  
  13  0:12  Overlord  
  13  0:16  Drone  
  14  0:30  Drone  
  14  0:31  Drone  
  14  0:34  Drone  
  17  0:55  Hatchery  
  16  0:59  Drone x2  
  16  1:03  Extractor  
  17  1:16  Spawning Pool  
  17  1:18  Drone  
  17  1:22  Drone  
  18  1:27  Drone  
  19  1:42  Drone  
  20  1:58  Hatchery  
  19  2:04  Queen  
  19  2:05  Zergling x2  
  19  2:06  Zergling x2  
  23  2:16  Queen  
  25  2:23  Overlord  
  25  2:25  Drone  
  26  2:32  Drone x2  
  28  2:38  Metabolic Boost  
  28  2:47  Drone x2  
  28  2:50  Drone x2  
  32  2:59  Overlord  
  32  3:05  Drone x3  
  34  3:13  Drone x2  
  34  3:18  Drone  
  34  3:19  Queen  
  39  3:23  Drone x3  
  39  3:24  Drone  
  42  3:27  Drone x2  
  44  3:37  Drone x5  
  49  3:42  Overlord  
  49  3:50  Drone  
  49  3:53  Overlord  
  50  3:57  Overlord  
  50  3:59  Queen  
  50  4:02  Roach Warren  
  51  4:03  Drone x2  
  51  4:04  Extractor, Drone  
  51  4:05  Drone  
  54  4:10  Overlord  
  54  4:14  Overlord  
  54  4:16  Overlord  
  54  4:23  Overlord  
  54  4:28  Extractor, Drone x2  
  54  4:29  Drone  
  56  4:43  Roach x10  
  76  4:47  Lair  
  76  4:52  Evolution Chamber  
  75  4:55  Zergling x8, Roach  
  75  4:57  Zergling x2  
  79  5:16  Drone  
  79  5:17  Drone x9  
  84  5:23  Drone x4  
  88  5:29  Drone x2  
  90  5:35  Extractor  
  90  5:41  Drone  
  90  5:43  Extractor  
  90  5:44  Overlord x2  
  85  5:50  Hatchery  
  85  5:51  Spore Crawler  
  85  5:52  Overlord  
  85  5:55  Roach x6  
  88  6:09  Roach x4  
  95  6:17  Drone  
  88  6:28  Drone x5  
  89  6:33  Drone  
  89  6:34  Glial Reconstitution  
  86  6:43  Spire  
  86  6:45  Drone x4  
  81  6:49  Extractor  
  81  6:51  Drone  
  81  6:57  Drone x2  
  81  7:00  Drone  
  84  7:02  Drone  
  84  7:03  Overseer  
  84  7:08  Drone x2  
  87  7:17  Drone x4  
  87  7:21  Drone  
  87  7:22  Drone x5  
  97  7:26  Roach x2  
  97  7:28  Ravager x3  
  104  7:36  Ravager  
  104  7:37  Ravager x4, Zergling x2  
  109  7:38  Zergling x4  
  109  7:41  Ravager  
  114  7:44  Ravager  
  114  7:45  Zergling x6  
  117  7:55  Overlord x4  
  117  7:57  Overlord  
  117  8:17  Mutalisk  
  117  8:18  Mutalisk x5  
  129  8:20  Hatchery  
  127  8:31  Drone  
  127  8:32  Drone x8  
  128  8:43  Mutalisk x4  
  136  8:55  Zergling x8  
  136  8:56  Zergling x10  
  144  9:06  Overlord  
  144  9:08  Spine Crawler x2  
  142  9:11  Baneling Nest, Mutalisk x2  
  142  9:14  Overlord  
  145  9:17  Mutalisk  
  145  9:32  Mutalisk x4  
  145  9:34  Drone  
  145  9:35  Drone x6  
  158  9:43  Zerg Melee Weapons Level 1  
  156  10:01  Zerg Flyer Weapons Level 1  
  156  10:02  Mutalisk x2  
  156  10:04  Drone x11  
  156  10:06  Extractor x2  
  168  10:09  Hydralisk Den  
  168  10:10  Overlord  
  167  10:19  Mutalisk x2  
  171  10:27  Overlord x2  
  169  10:31  Overlord  
  169  10:34  Drone  
  166  10:43  Roach x8  
  166  10:47  Overlord  
  182  10:56  Baneling x3  
  182  10:57  Baneling x9  
  182  10:58  Zergling x16  
  190  11:04  Zergling x10  
  190  11:05  Zergling x8  
  190  11:06  Overlord  
  190  11:11  Lurker Den  
  196  11:29  Baneling x10  
  196  11:30  Baneling  
  196  11:37  Hatchery, Spine Crawler  
  196  11:38  Spine Crawler  
  193  11:46  Zerg Melee Weapons Level 2  
  191  11:55  Mutalisk x4  
  191  11:56  Mutalisk  
  199  12:08  Centrifical Hooks  
  199  12:13  Hatchery  
  196  12:26  Infestation Pit  
  195  12:41  Hydralisk x4  
  195  12:42  Overseer  
  199  12:48  Overseer  
  197  12:59  Mutalisk  
  197  13:02  Hive  
  173  13:17  Lurker x3  
  174  13:20  Drone x12  
  186  13:31  Zergling x2  
  186  13:32  Zergling x24  
  199  13:35  Extractor  
  199  13:36  Extractor  
  195  13:42  Spore Crawler  
  195  13:45  Spore Crawler  
  195  13:47  Spore Crawler  
  189  13:51  Spire  
  176  13:57  Baneling x20  
  176  14:02  Zergling x18  
  158  14:03  Zergling x28  
  151  14:11  Hydralisk x6  
  137  14:24  Baneling  
  137  14:25  Baneling x6  
  137  14:26  Hydralisk  
  137  14:27  Hydralisk x6  
  137  14:28  Baneling  
  137  14:29  Baneling x6  
  134  14:38  Baneling  
  134  14:39  Baneling x2  
Tags
 
Add a new tag
Caveats
  • Supply blocks, unpowered buildings, or Contaminate may cause inaccurate times.
  • Supply counts are checked every 10 seconds.